cohdb
Replays
Latest Replays
All Replays
Popular Replays
Top Player Replays
Match Explorer
How It Works
Community
CoH3 Stats
Reddit
Sign in to upload your games and track your stats! →
Sign in with Steam
Match 45977748
Unlisted
Match 45977748
Overview
Messages
Build Orders
End
Kradschützen Motorcycle Team
Selects Panzerjäger Kommand Battlegroup
Selects Mine Fields
Panzergrenadier Squad
Panzergrenadier Squad
Panzergrenadier Squad
Construct Light Support Kompanie
2.5-tonne Medical Truck
Fire Support Elements
Selects GrB 39 Grenade Launcher Requisition
Selects Tank Busters
Pak 38 Mechanized Group
MG34 Team
Construct Panzerarmee Kommand
le.IG 18 Support Gun Team
Selects Defensive Positions
Selects Crew Shock Tactics
Panzer III L Medium Tank
Panzer III L Medium Tank
Nostalgi@
odung
0
0
Comments
sign in to comment!
No comments posted yet!